[Event "Early-Titled-Tuesday-Blitz-February-06-2024"]
[Site "Chess.com"]
[Date "2024.02.06"]
[Round "2"]
[White "Narek_Ghimoyan"]
[Black "boguszp"]
[Result "1-0"]
[WhiteElo "2426"]
[BlackElo "2066"]
[TimeControl "180+1"]
[EndTime "8:14:45 PST"]
[Termination "Narek_Ghimoyan won by checkmate"]

1. d4 d5 2. c4 c6 3. Nf3 Nf6 4.
Nc3 e6 5. e3 Nbd7 6. Bd3 Bd6 7.
e4 dxe4 8. Nxe4 Nxe4 9. Bxe4 e5 10. O-O exd4 11. Qxd4 Bc5 12. Qxg7 Qf6 13. Qxf6 Nxf6 14. Bd3 Bg4 15. Ne5 Be6 16. Bg5 Be7 17. Rfe1 O-O-O 18. Rad1 Rhg8 19. Bh4 Rg7 20. Nxf7 Bxf7 21. Rxe7 Ng8 22.
Bf5+ Rd7 23. Rexd7 Nh6 24. Rxf7+ Nxf5 25. Rd8# 1-0

[Event "Early-Titled-Tuesday-Blitz-February-06-2024"]
[Site "Chess.com"]
[Date "2024.02.06"]
[Round "2"]
[White "invisible_s0ul"]
[Black "MokshAD1603"]
[Result "0-1"]
[WhiteElo "2240"]
[BlackElo "2579"]
[TimeControl "180+1"]
[EndTime "8:14:46 PST"]
[Termination "MokshAD1603 won by resignation"]

1. e4 e6 2. d4 d5 3. exd5 exd5 4. Bd3 Bd6 5. Ne2 Nc6 6. c3 Nf6 7. Bg5 h6 8. Bh4 O-O 9. O-O Bxh2+ 10. Kxh2 Ng4+ 11.
Kg3 g5 12. Bxg5 Qxg5 13. f4 Qg7 14. Kf3 Re8 15. g3 Ne3 16. Qe1 Qg4+ 17. Kf2 Qh3 0-1

[Event "Early-Titled-Tuesday-Blitz-February-06-2024"]
[Site "Chess.com"]
[Date "2024.02.06"]
[Round "2"]
[White "bolwin"]
[Black "Herman-NY"]
[Result "0-1"]
[WhiteElo "2279"]
[BlackElo "2500"]
[TimeControl "180+1"]
[EndTime "8:14:46 PST"]
[Termination "Herman-NY won by resignation"]

1. Nf3 Nf6 2. c4 g6 3. Nc3 Bg7 4. e4 d6 5. d4 O-O 6. Be2 Nbd7 7. O-O e5 8. Be3 Ng4 9. Bg5 f6 10. Bh4 Nh6 11. h3 Nf7 12. Qc2 c6 13. Rfd1 Qe7 14. b4 a5 15. a3 axb4 16. axb4 Rxa1 17. Rxa1 Ng5 18. Bxg5 fxg5 19. Qd2 exd4 20. Nxd4 Qf6 21.
Rd1 Qxf2+ 22. Kh1 Be5 23. Rf1 Qxf1+ 0-1

[Event "Early-Titled-Tuesday-Blitz-February-06-2024"]
[Site "Chess.com"]
[Date "2024.02.06"]
[Round "2"]
[White "IsaqueGoncalvesSanto"]
[Black "The_Straightforward_Rook"]
[Result "1-0"]
[WhiteElo "1852"]
[BlackElo "2388"]
[TimeControl "180+1"]
[EndTime "8:14:49 PST"]
[Termination "IsaqueGoncalvesSanto won by resignation"]

1. d4 d5 2. c4 c6 3. Nc3 Nf6 4. Nf3 e6 5. e3 Nbd7 6. cxd5 exd5 7.
Bd3 Bd6 8. O-O O-O 9. a3 Re8 10.
b4 Nf8 11. Nd2 Bg4 12. Be2 Bxe2 13. Qxe2 Ng6 14. Nf3 Ne4 15. Nxe4 dxe4 16. Nd2 f5 17. Nc4 Bc7 18. Rd1 Qe7 19. Bb2 f4 20. d5 cxd5 21.
Rxd5 Qh4 22. Rh5 Qe7 23. Qg4 fxe3 24. Nxe3 Rad8 25. Nf5 Qd7 26. Bxg7 Re5 27. Bxe5 1-0

[Event "Early-Titled-Tuesday-Blitz-February-06-2024"]
[Site "Chess.com"]
[Date "2024.02.06"]
[Round "2"]
[White "ChessSG1"]
[Black "jlmanzanares"]
[Result "1-0"]
[WhiteElo "2424"]
[BlackElo "2032"]
[TimeControl "180+1"]
[EndTime "8:14:53 PST"]
[Termination "ChessSG1 won by resignation"]

1. c4 Nf6 2. g3 g6 3. Bg2 Bg7 4. Nc3 O-O 5. e4 d6 6. Nge2 Nc6 7. O-O e5 8. d3 a5 9. h3 Nd7 10. Be3 f5 11. exf5 gxf5 12. Nd5 Kh8 13. Qd2 Rg8 14. Bg5 Nf6 15. Rae1 Be6 16. Nec3 Nd4 17. f4 Bxd5 18. Nxd5 c6 19. fxe5 cxd5 20. exf6 Bxf6 21. Bf4 Qd7 22. Bxd5 Rae8 23. Bxg8 Rxg8 24. Qg2 b5 25. Qd5 bxc4 26. dxc4 h5 27. Qxd6 Qb7 28. Qxf6+ 1-0

[Event "Early-Titled-Tuesday-Blitz-February-06-2024"]
[Site "Chess.com"]
[Date "2024.02.06"]
[Round "2"]
[White "topce"]
[Black "kibromNNN"]
[Result "1-0"]
[WhiteElo "2402"]
[BlackElo "1778"]
[TimeControl "180+1"]
[EndTime "8:14:54 PST"]
[Termination "topce won by resignation"]

1. c4 Nf6 2. Nc3 g6 3. e4 Bg7 4. d4 d6 5. f4 c5 6. d5 Qa5 7. Bd2 O-O 8. Nf3 Bg4 9. Bd3 a6 10. h3 Bxf3 11. Qxf3 e6 12. dxe6 fxe6 13. O-O Qd8 14.
g4 Nc6 15. Rae1 Nd4 16. Qg2 Rb8 17. f5 exf5 18. exf5 gxf5 19. g5 Nd7 20. Nd5 Ne5 21.
Bxf5 Nxf5 22. Nf6+ Rxf6 23. gxf6 Qxf6 24. Bg5 Qg6 25.
h4 Nd3 26. Qd5+ Kh8 27. Qxd3 Bd4+ 28. Kh1 Be5 29. Qxf5 Qxf5 30. Rxf5 Kg7 31. h5 1-0

[Event "Early-Titled-Tuesday-Blitz-February-06-2024"]
[Site "Chess.com"]
[Date "2024.02.06"]
[Round "2"]
[White "Gennady_Kozlov"]
[Black "vladoboch"]
[Result "1-0"]
[WhiteElo "2708"]
[BlackElo "2447"]
[TimeControl "180+1"]
[EndTime "8:14:55 PST"]
[Termination "Gennady_Kozlov won by resignation"]

1. Nf3 c5 2. g3 Nc6 3. Bg2 d6 4.
O-O Bd7 5. e4 h5 6. d3 Qc8 7. h4 Bh3 8. Nc3 Bxg2 9. Kxg2 Nf6 10. Bg5 e6 11. d4 cxd4 12. Nxd4 Be7 13. Re1 a6 14. Qd2 Ne5 15. Rad1 Qc7 16. a4 Rc8 17. Qe2 Qc4 18. f4 Qxe2+ 19. Rxe2 Nc4 20. b3 Nb2 21. Rb1 Rxc3 22. Rxb2 O-O 23. Rb1 Rfc8 24. Rd1 Kf8 25. Rdd2 d5 26. Bxf6 Bxf6 27. exd5 exd5 28. Nf5 g6 29.
Ne3 R3c5 30. Nxd5 Bg7 31. Nb6 Bc3 32. Rd3 1-0

[Event "Early-Titled-Tuesday-Blitz-February-06-2024"]
[Site "Chess.com"]
[Date "2024.02.06"]
[Round "2"]
[White "smotherhubbard"]
[Black "ahkashefi2800"]
[Result "1-0"]
[WhiteElo "2370"]
[BlackElo "2538"]
[TimeControl "180+1"]
[EndTime "8:14:55 PST"]
[Termination "smotherhubbard won by checkmate"]

1. d4 c5 2. d5 e5 3. e4 d6 4. f4 Nd7 5. Nf3 g6 6. fxe5 Nxe5 7. Bb5+ Bd7 8. Bxd7+ Nxd7 9. O-O Bg7 10. Bf4 Qb6 11. Nbd2 Ne7 12. Nc4 Qa6 13. Nxd6+ Kf8 14. Ng5 Bxb2 15.
Ngxf7 Kg7 16. Bh6+ Kg8 17. Rb1 Bd4+ 18. Kh1 Ne5 19. Nxe5 Bxe5 20. Nf7 Bd4 21. Qf3 Re8 22. d6 Nf5 23. exf5 Kxf7 24. Qd5+ Kf6 25. fxg6+ Kxg6 26. Qg5# 1-0

[Event "Early-Titled-Tuesday-Blitz-February-06-2024"]
[Site "Chess.com"]
[Date "2024.02.06"]
[Round "2"]
[White "MagnusCarlsen"]
[Black "GMG"]
[Result "1-0"]
[WhiteElo "3339"]
[BlackElo "2673"]
[TimeControl "180+1"]
[EndTime "8:14:58 PST"]
[Termination "MagnusCarlsen won by resignation"]

1. a4 g6 2. e4 c5 3. h4 Nf6 4. Nc3 Nc6 5. Bb5 Nd4 6. Nf3 Bg7 7. e5 Nh5 8. d3 a6 9. Bc4 d6 10. Ng5 d5 11. Bxd5 e6 12. Ba2 Bxe5 13. Nce4 b6 14. c3 Nc6 15. Qf3 O-O 16. g4 Ng7 17. h5 gxh5 18.
Nxh7 Kxh7 19. Ng5+ Kg8 20. Qxc6 Qxd3 21. Rh3 Qd6 22.
Qxa8 Rd8 23. Be3 hxg4 24. Rh8+ 1-0

[Event "Early-Titled-Tuesday-Blitz-February-06-2024"]
[Site "Chess.com"]
[Date "2024.02.06"]
[Round "2"]
[White "kai_nov"]
[Black "Der_Balak_3Halak"]
[Result "0-1"]
[WhiteElo "2299"]
[BlackElo "2504"]
[TimeControl "180+1"]
[EndTime "8:15:07 PST"]
[Termination "Der_Balak_3Halak won by resignation"]

1. e4 g6 2. d4 Bg7 3. c4 c5 4.
Nf3 cxd4 5. Nxd4 Nc6 6. Nxc6 bxc6 7. Bd3 Rb8 8. Qc2 d6 9. O-O Nf6 10. Nc3 O-O 11. Be3 c5 12. f4 Bb7 13. e5 Ng4 14. Qe2 Nxe3 15. Qxe3 dxe5 16. fxe5 Qd4 17. Qxd4 cxd4 18. Nb5 Bxe5 19. Rfe1 Bf6 20. Be4 a6 21. Na3 Bxe4 22. Rxe4 Rxb2 23. c5 Rc8 24. Nc4 Rc2 25. Ne5 R8xc5 26. Nd7 Rc1+ 27. Rxc1 Rxc1+ 28. Kf2 d3 29.
Nxf6+ exf6 30. Rd4 Rc2+ 31. Kg3 d2 0-1

[Event "Early-Titled-Tuesday-Blitz-February-06-2024"]
[Site "Chess.com"]
[Date "2024.02.06"]
[Round "2"]
[White "LileKoridze"]
[Black "Chessdreamer2020"]
[Result "1-0"]
[WhiteElo "2372"]
[BlackElo "2543"]
[TimeControl "180+1"]
[EndTime "8:15:08 PST"]
[Termination "LileKoridze won by checkmate"]

1. d4 d6 2. c4 e5 3. Nc3 exd4 4.
Qxd4 Nc6 5. Qd1 Nf6 6. e3 Be7 7. Nf3 O-O 8. Bd3 Be6 9. b3 Ne5 10. Be2 c6 11. O-O Qc7 12. Bb2 Rad8 13. Qc2 Rfe8 14.
Rad1 Bf8 15. h3 Bc8 16. Nxe5 dxe5 17. Bf3 g6 18. Rxd8 Rxd8 19. Rd1 Bf5 20. e4 Rxd1+ 21. Qxd1 Bc8 22. Ne2 Nd7 23. Bg4 f6 24. f4 Bd6 25. f5 g5 26. a3 a5 27. Nc3 Bf8 28. Na4 Nc5 29. Nxc5 Bxc5+ 30. Kh2 Qe7 31. Qc1 Qd6 32. Qc3 b6 33. Qc2 Ba6 34. Bf3 Kf7 35. Qc1 Ke7 36. h4 h6 37. hxg5 hxg5 38. Kg3 Qd3 39. Qh1 Qxb3 40. Qh7+ Kd6 41. Qh8 Qxb2 42. Qd8# 1-0

[Event "Early-Titled-Tuesday-Blitz-February-06-2024"]
[Site "Chess.com"]
[Date "2024.02.06"]
[Round "2"]
[White "verrbaa"]
[Black "DarZay"]
[Result "1-0"]
[WhiteElo "2493"]
[BlackElo "2257"]
[TimeControl "180+1"]
[EndTime "8:15:08 PST"]
[Termination "verrbaa won by resignation"]

1. e4 e5 2. Nf3 Nc6 3. Bb5 a6 4. Ba4 Nge7 5. O-O g6 6. c3 Bg7 7. d4 exd4 8. cxd4 b5 9. Bb3 d5 10. Nc3 dxe4 11. Ng5 O-O 12. d5 Nd4 13. Ngxe4 Nxb3 14.
axb3 Nf5 15. Bg5 Qe8 16. Re1 Qd7 17. Nf6+ Bxf6 18. Bxf6 Bb7 19. b4 a5 20. bxa5 b4 21.
a6 Bxa6 22. Ne4 Bc4 23. Be5 f6 24. Rxa8 1-0

[Event "Early-Titled-Tuesday-Blitz-February-06-2024"]
[Site "Chess.com"]
[Date "2024.02.06"]
[Round "2"]
[White "iwanyu"]
[Black "Barmen_EV"]
[Result "1-0"]
[WhiteElo "2773"]
[BlackElo "2502"]
[TimeControl "180+1"]
[EndTime "8:15:10 PST"]
[Termination "iwanyu won by resignation"]

1. d4 Nf6 2. c4 g6 3. Nf3 Bg7 4. g3 O-O 5. Bg2 d6 6. Nc3 Nbd7 7. O-O e5 8. Qc2 exd4 9. Nxd4 Nb6 10. Rd1 Nxc4 11.
Ncb5 a6 12. Qxc4 axb5 13. Nxb5 Ne8 14. Qb4 Ra6 15. a4 c5 16. Qxc5 Bd7 17. Qb4 Qe7 18. Bxb7 Rb6 19. Bf3 Bc6 20. Be3 Bxf3 21. exf3 Rc6 22. a5 Qf6 23. a6 Qxf3 24. a7 Ra6 25. Rxa6 Qxd1+ 26. Kg2 Qd5+ 27. f3 Nf6 28. a8=Q Rxa8 29.
Nc7 Rxa6 30. Nxd5 Nxd5 31. Qb8+ Bf8 32. Bh6 Nf4+ 1-0

[Event "Early-Titled-Tuesday-Blitz-February-06-2024"]
[Site "Chess.com"]
[Date "2024.02.06"]
[Round "2"]
[White "Bauman_Guy"]
[Black "MdChess1734"]
[Result "1-0"]
[WhiteElo "2847"]
[BlackElo "2390"]
[TimeControl "180+1"]
[EndTime "8:15:10 PST"]
[Termination "Bauman_Guy won on time"]

1. e4 c6 2. d4 d5 3. e5 Bf5 4. h4 h5 5. Bd3 Bxd3 6. Qxd3 e6 7.
Nf3 Qa5+ 8. Nbd2 Qa6 9. c4 Nh6 10. b3 Nf5 11. O-O Be7 12. Rd1 O-O 13. Nf1 Rd8 14. Ng3 dxc4 15. bxc4 Nxg3 16. fxg3 Nd7 17. Bg5 Bxg5 18. Nxg5 g6 19. Rf1 Nxe5 20. Qe4 Qxc4 21. dxe5 1-0

[Event "Early-Titled-Tuesday-Blitz-February-06-2024"]
[Site "Chess.com"]
[Date "2024.02.06"]
[Round "2"]
[White "cukricek"]
[Black "Attacker_2006"]
[Result "1-0"]
[WhiteElo "2319"]
[BlackElo "2491"]
[TimeControl "180+1"]
[EndTime "8:15:12 PST"]
[Termination "cukricek won by resignation"]

1. g3 d5 2. Nf3 c5 3. Bg2 Nc6 4. d4 e6 5. O-O Nf6 6. c4 g6 7. cxd5 exd5 8. Nc3 Be6 9. Bg5 Bg7 10. dxc5 O-O 11.
Nd4 Qa5 12. Nxe6 fxe6 13. Rc1 Rac8 14. Bh3 Rfe8 15. Bxf6 Bxf6 16. Nxd5 Bxb2 17. Rb1 Qxa2 18. Nf4 Bg7 19. Rxb7 Rcd8 20. Rd7 e5 21. Be6+ Kh8 22. Bxa2 1-0

[Event "Early-Titled-Tuesday-Blitz-February-06-2024"]
[Site "Chess.com"]
[Date "2024.02.06"]
[Round "2"]
[White "hmatyi07"]
[Black "SarochaChuemsakul"]
[Result "0-1"]
[WhiteElo "2193"]
[BlackElo "2460"]
[TimeControl "180+1"]
[EndTime "8:15:13 PST"]
[Termination "SarochaChuemsakul won by resignation"]

1. e4 g6 2. d4 Bg7 3. Nc3 a6 4. Be3 b5 5. Qd2 d6 6. O-O-O Bb7 7. f3 Nd7 8. h4 h5 9. Nh3 Rc8 10. Ng5 c5 11. Ne2 e6 12. Kb1 Ngf6 13. Bf4 e5 14. dxe5 dxe5 15. Bg3 Qe7 16. Nc3 O-O 17. Nd5 Bxd5 18.
exd5 Qd6 19. Bd3 c4 20. Be4 c3 21. Qd3 Qb4 0-1

[Event "Early-Titled-Tuesday-Blitz-February-06-2024"]
[Site "Chess.com"]
[Date "2024.02.06"]
[Round "2"]
[White "threemind"]
[Black "Eloist"]
[Result "0-1"]
[WhiteElo "2139"]
[BlackElo "2435"]
[TimeControl "180+1"]
[EndTime "8:15:14 PST"]
[Termination "Eloist won by resignation"]

1. d4 e6 2. Nf3 Nf6 3. Bg5 c5 4. e3 Be7 5. c3 b6 6. Nbd2 Bb7 7.
Bd3 cxd4 8. exd4 Nd5 9. Bxe7 Qxe7 10. O-O Nf4 11. Be4 Bxe4 12. Nxe4 d5 13. Ng3 Nc6 14. Re1 O-O 15. Ne5 Nxe5 16. Rxe5 b5 17. Qf3 Ng6 18. Re3 b4 19. Rae1 bxc3 20. bxc3 Rab8 21.
Nf1 Rb2 22. g3 Rxa2 23. h4 Qf6 24. Qg2 Ne7 25. Rf3 Qg6 26. g4 h5 27. Rg3 hxg4 28. Rxg4 Qh6 29. Ne3 Rc8 30. Rg5 Ng6 31. h5 Nf4 32.
Qg4 Qxg5 0-1

[Event "Early-Titled-Tuesday-Blitz-February-06-2024"]
[Site "Chess.com"]
[Date "2024.02.06"]
[Round "2"]
[White "Msb2"]
[Black "EmirhanTarlabasi"]
[Result "1-0"]
[WhiteElo "3006"]
[BlackElo "2643"]
[TimeControl "180+1"]
[EndTime "8:15:15 PST"]
[Termination "Msb2 won by resignation"]

1. d4 d5 2. c4 e6 3. Nc3 c5 4. cxd5 exd5 5. Nf3 Nc6 6. g3 Nf6 7. Be3 c4 8. Bg5 Be6 9. Bg2 Be7 10. e3 O-O 11.
Bxf6 Bxf6 12. Ng1 b5 13. Nxb5 Rb8 14. Nc3 Rxb2 15. Nge2 Qa5 16. O-O Rfb8 17. Qc1 Be7 18. Nf4 Ba3 19. Ncxd5 Rxf2 20. Qxc4 Rxf1+ 21. Rxf1 Nd8 22. Nxe6 Nxe6 23. Qc2 h6 24. Qf5 Rf8 25. Nf6+ 1-0

[Event "Early-Titled-Tuesday-Blitz-February-06-2024"]
[Site "Chess.com"]
[Date "2024.02.06"]
[Round "2"]
[White "nindjaxx8"]
[Black "Yaacovn"]
[Result "0-1"]
[WhiteElo "2571"]
[BlackElo "2827"]
[TimeControl "180+1"]
[EndTime "8:15:15 PST"]
[Termination "Yaacovn won by resignation"]

1. d4 Nf6 2. c4 e5 3. dxe5 Ne4 4. Nf3 Nc6 5. Bf4 g5 6. Bg3 Bb4+ 7. Nbd2 h5 8. h4 g4 9. a3 Nxg3 10. fxg3 Bc5 11. Ng5 Nxe5 12. Nde4 Be7 13. Qd4 d6 14. Qd5 c6 15. Qd4 f6 16. c5 dxc5 17. Qxd8+ Kxd8 18. Nf7+ Nxf7 0-1

[Event "Early-Titled-Tuesday-Blitz-February-06-2024"]
[Site "Chess.com"]
[Date "2024.02.06"]
[Round "2"]
[White "deepfear"]
[Black "ExchangeAB"]
[Result "0-1"]
[WhiteElo "1962"]
[BlackElo "2412"]
[TimeControl "180+1"]
[EndTime "8:15:16 PST"]
[Termination "ExchangeAB won by resignation"]

1. e4 c6 2. d4 d5 3. exd5 cxd5 4. Bd3 Nf6 5. c3 Nc6 6. Bf4 Bg4 7. Qb3 Qd7 8. Nd2 e6 9. Ngf3 Bd6 10. Bxd6 Qxd6 11. O-O Qc7 12. h3 Bh5 13. Rfe1 O-O 14. Ne5 Nxe5 15.
Rxe5 Bg6 16. Bxg6 hxg6 17. Nf3 Rab8 18. Rae1 b5 19. a3 a5 20. g4 Ne4 21. Ng5 Nxg5 22. Rxg5 Qc4 23. Qd1 b4 24. axb4 axb4 25. Qd2 Rfc8 26.
Rc1 Qb3 27. Rf5 gxf5 0-1

[Event "Early-Titled-Tuesday-Blitz-February-06-2024"]
[Site "Chess.com"]
[Date "2024.02.06"]
[Round "2"]
[White "mjray79"]
[Black "MasterKroket"]
[Result "1-0"]
[WhiteElo "2721"]
[BlackElo "2482"]
[TimeControl "180+1"]
[EndTime "8:15:17 PST"]
[Termination "mjray79 won by resignation"]

1. e4 e5 2. Nf3 Nc6 3. Bb5 a6 4. Ba4 Nf6 5. O-O Be7 6. Re1 b5 7. Bb3 O-O 8. a4 b4 9. d3 d6 10. a5 Nd7 11. Be3 Nc5 12. Bd5 Bb7 13. Nbd2 Kh8 14.
Bxc5 dxc5 15. Nxe5 Nxe5 16. Bxb7 Rb8 17. Bxa6 Bf6 18.
Bc4 Ra8 19. Bd5 Ra7 20. Ra2 c6 21. Bb3 Rxa5 22. Qa1 Rxa2 23. Qxa2 Bg5 24. Nc4 Nxc4 25. Bxc4 Bf6 26. Bxf7 Bd4 27. e5 Qg5 28. e6 h5 29.
e7 1-0

[Event "Early-Titled-Tuesday-Blitz-February-06-2024"]
[Site "Chess.com"]
[Date "2024.02.06"]
[Round "2"]
[White "Irishchessman16"]
[Black "cristiano78"]
[Result "1-0"]
[WhiteElo "2495"]
[BlackElo "2268"]
[TimeControl "180+1"]
[EndTime "8:15:17 PST"]
[Termination "Irishchessman16 won by checkmate"]

1. d4 Nf6 2. Bg5 c5 3. Nc3 cxd4 4. Qxd4 Nc6 5. Qh4 e6 6. O-O-O Be7 7. e4 h6 8. f4 a6 9. e5 Ng8 10.
Nf3 f6 11. Qh5+ Kf8 12. Bh4 Qe8 13. Qxe8+ Kxe8 14. Ne4 g5 15. exf6 gxh4 16. fxe7 Ngxe7 17. Nd6+ Kf8 18. Nxh4 Kg7 19. Be2 Rf8 20. Rhf1 Nd5 21. Rd3 Rxf4 22. Rg3+ Kf6 23. Rxf4+ Nxf4 24. Rf3 Kg5 25.
Ne4+ Kxh4 26. Rxf4# 1-0

[Event "Early-Titled-Tuesday-Blitz-February-06-2024"]
[Site "Chess.com"]
[Date "2024.02.06"]
[Round "2"]
[White "WiktoriaPOL"]
[Black "elchacal664"]
[Result "1-0"]
[WhiteElo "2275"]
[BlackElo "2476"]
[TimeControl "180+1"]
[EndTime "8:15:18 PST"]
[Termination "WiktoriaPOL won by resignation"]

1. c4 e5 2. Nc3 g6 3. Nf3 Bg7 4. d4 exd4 5. Nxd4 Ne7 6. e4 O-O 7. Be3 Nbc6 8. Be2 Nxd4 9. Bxd4 Bxd4 10. Qxd4 Nc6 11. Qd2 Qf6 12. Nd5 Qd6 13. O-O b6 14. Rfd1 f6 15. Qh6 Bb7 16. Nxb6 Qxd1+ 17. Rxd1 axb6 18.
Rxd7 Rf7 19. Rxf7 Kxf7 20. Qxh7+ Kf8 21. Qxc7 Nd8 22. c5 bxc5 23. Bc4 Bxe4 24. Qd6+ Kg7 25. Qe7+ 1-0

[Event "Early-Titled-Tuesday-Blitz-February-06-2024"]
[Site "Chess.com"]
[Date "2024.02.06"]
[Round "2"]
[White "The_Machine04"]
[Black "MIJUAREZ"]
[Result "0-1"]
[WhiteElo "2696"]
[BlackElo "2490"]
[TimeControl "180+1"]
[EndTime "8:15:20 PST"]
[Termination "MIJUAREZ won by checkmate"]

1. d4 d5 2. Nf3 Nf6 3. Nbd2 c5 4. e3 e6 5. c3 Nc6 6. Bd3 Bd6 7. O-O Bd7 8. dxc5 Bxc5 9. b4 Bd6 10. Bb2 a6 11.
a3 b5 12. a4 Rb8 13. axb5 axb5 14. Qe2 O-O 15. Bxb5 e5 16. Ra6 Qc7 17. h3 Nxb4 18.
Bxd7 Nxa6 19. Bb5 Qe7 20. c4 dxc4 21. Nxc4 Rxb5 22. Nxd6 Rxb2 23. Qxa6 Rfb8 24. Nf5 Qc5 25. Nh6+ Kf8 26. Nf5 h6 27. Rd1 Qc2 28. Qd6+ Kg8 29. Ne7+ Kh7 30. Rf1 Rb1 31. Rxb1 Rxb1+ 32. Kh2 e4 33.
Nd4 Qxf2 34. Nef5 Qg1+ 35. Kg3 Rb2 36. Kf4 Qxg2 37. Ke5 Qh2+ 38. Ng3 Qxg3+ 39. Kf5 Qg5# 0-1

[Event "Early-Titled-Tuesday-Blitz-February-06-2024"]
[Site "Chess.com"]
[Date "2024.02.06"]
[Round "2"]
[White "AryanTari"]
[Black "Yeritsyaan"]
[Result "1-0"]
[WhiteElo "2952"]
[BlackElo "2628"]
[TimeControl "180+1"]
[EndTime "8:15:22 PST"]
[Termination "AryanTari won by checkmate"]

1. e4 e5 2. Nf3 Nc6 3. d4 exd4 4. Nxd4 Nf6 5. Nxc6 bxc6 6. Nd2 d5 7. exd5 cxd5 8.
Bb5+ Bd7 9. Bxd7+ Qxd7 10. O-O Be7 11. b3 O-O 12. Bb2 Rfe8 13. Qf3 Qg4 14. Rad1 Qxf3 15. Nxf3 c6 16. Nd4 Rac8 17. Nf5 Rcd8 18. Rd3 Bb4 19.
Nxg7 Kxg7 20. Rg3+ Kh6 21. Bxf6 Rd6 22. Bg5+ Kh5 23.
Be3 f6 24. Rg7 d4 25. Bf4 Rde6 26. g4+ Kh4 27. Kg2 h5 28. Bg3# 1-0

[Event "Early-Titled-Tuesday-Blitz-February-06-2024"]
[Site "Chess.com"]
[Date "2024.02.06"]
[Round "2"]
[White "vovachesss"]
[Black "Kapitan_Bayan"]
[Result "1-0"]
[WhiteElo "2830"]
[BlackElo "2388"]
[TimeControl "180+1"]
[EndTime "8:15:23 PST"]
[Termination "vovachesss won by checkmate"]

1. e4 c5 2. c3 d6 3. d4 cxd4 4. cxd4 Nf6 5. Nc3 a6 6. Nf3 Bg4 7. Bc4 b5 8. Bb3 Nc6 9. Be3 Qa5 10. O-O e6 11. h3 Bh5 12. d5 Ne5 13. dxe6 Nxf3+ 14. gxf3 fxe6 15. Bxe6 b4 16. Nd5 Nxd5 17. Bxd5 Rc8 18. Rc1 Rc7 19. Rxc7 Qxc7 20. Qa4+ Ke7 21. Bg5# 1-0

[Event "Early-Titled-Tuesday-Blitz-February-06-2024"]
[Site "Chess.com"]
[Date "2024.02.06"]
[Round "2"]
[White "AlexPapasimakopoulos"]
[Black "ri4mi"]
[Result "1-0"]
[WhiteElo "2759"]
[BlackElo "2544"]
[TimeControl "180+1"]
[EndTime "8:15:25 PST"]
[Termination "AlexPapasimakopoulos won by resignation"]

1. d4 d5 2. c4 e6 3. Nc3 c6 4. e3 f5 5. g4 fxg4 6. Qxg4 Nf6 7. Qg2 b6 8. Nf3 Nbd7 9. Bd2 Bb7 10. Ne5 Nxe5 11.
dxe5 Nd7 12. cxd5 cxd5 13. f4 Qh4+ 14. Qg3 Be7 15. Bg2 Qh6 16. O-O g6 17. Nb5 Rc8 18.
Nd4 Bh4 19. Qg4 Nc5 20. Nxe6 Be7 21. Rac1 a5 22. a3 Kf7 23. Ng5+ Kg7 24. b4 axb4 25. axb4 Ne4 26. Bxe4 dxe4 27. Qd7 1-0

[Event "Early-Titled-Tuesday-Blitz-February-06-2024"]
[Site "Chess.com"]
[Date "2024.02.06"]
[Round "2"]
[White "HanSchut"]
[Black "Yerlan-Ra"]
[Result "0-1"]
[WhiteElo "2250"]
[BlackElo "2482"]
[TimeControl "180+1"]
[EndTime "8:15:25 PST"]
[Termination "Yerlan-Ra won by resignation"]

1. e4 e5 2. Nf3 d6 3. d4 exd4 4. Nxd4 Nf6 5. Nc3 Be7 6. Be2 O-O 7. O-O Re8 8. Be3 Bf8 9. f3 Nbd7 10. Qd2 d5 11. exd5 Nb6 12. Nb3 Nbxd5 13. Nxd5 Qxd5 14. Bd4 c5 15. Bxf6 Qxd2 16. Nxd2 Rxe2 17. Ne4 gxf6 18.
Nxf6+ Kg7 19. Nh5+ Kh6 20. g4 f5 21. h3 Bd7 22. Rad1 Bc6 23. Ng3 Rxc2 24. Nxf5+ Kg6 25. Rfe1 Re8 26. Rxe8 Bxe8 27. Re1 Bc6 28. h4 c4 29.
Re6+ Kf7 30. Re3 Bc5 0-1

[Event "Early-Titled-Tuesday-Blitz-February-06-2024"]
[Site "Chess.com"]
[Date "2024.02.06"]
[Round "2"]
[White "Nick12772"]
[Black "CaspiIsrael"]
[Result "0-1"]
[WhiteElo "2390"]
[BlackElo "2689"]
[TimeControl "180+1"]
[EndTime "8:15:26 PST"]
[Termination "CaspiIsrael won by resignation"]

1. Nf3 Nf6 2. g3 g6 3. Bg2 Bg7 4. O-O O-O 5. c4 c6 6. Nc3 d5 7. cxd5 cxd5 8. d4 Nc6 9. Ne5 e6 10. Nxc6 bxc6 11. Bf4 Nh5 12. Be3 c5 13. dxc5 Rb8 14.
Bd4 e5 15. Nxd5 exd4 16. c6 Rxb2 17. c7 Qd6 18. Qa4 Nf6 19. Nxf6+ Bxf6 20. Qxa7 Rxe2 21.
Rab1 d3 22. Rb6 Qd4 23. Qa5 d2 24. Rb4 d1=Q 25. Rxd4 Qxd4 0-1

[Event "Early-Titled-Tuesday-Blitz-February-06-2024"]
[Site "Chess.com"]
[Date "2024.02.06"]
[Round "2"]
[White "Nuvas"]
[Black "unclear15"]
[Result "1-0"]
[WhiteElo "2790"]
[BlackElo "2387"]
[TimeControl "180+1"]
[EndTime "8:15:26 PST"]
[Termination "Nuvas won by resignation"]

1. d4 Nf6 2. c4 c5 3. d5 e6 4. Nc3 exd5 5. cxd5 d6 6. e4 g6 7. f4 Bg7 8. Bb5+ Bd7 9. e5 Ng8 10. Nf3 a6 11. Bxd7+ Nxd7 12. O-O Nh6 13. Ne4 Nf5 14. g4 Nd4 15. Nxd6+ Kf8 16. Nxd4 cxd4 17.
b3 Kg8 18. Bb2 h5 19. g5 Nxe5 20. fxe5 Qxg5+ 21. Kh1 Qxe5 22. Nxf7 Qxd5+ 23. Qf3 Qxf3+ 24. Rxf3 Rf8 25. Raf1 Rh7 26. Ng5 Rxf3 27. Rxf3 Rh6 28. Ne6 g5 29. Nxg7 Kxg7 30. Bxd4+ Kg8 31. Rf5 Rg6 32. Be3 Rc6 33. Rxg5+ Kf7 34. Rxh5 Kf6 35. Rh6+ Kf5 36. Rxc6 bxc6 37. Kg2 1-0

[Event "Early-Titled-Tuesday-Blitz-February-06-2024"]
[Site "Chess.com"]
[Date "2024.02.06"]
[Round "2"]
[White "Susal_De_Silva"]
[Black "B_nn_t"]
[Result "1-0"]
[WhiteElo "2768"]
[BlackElo "2383"]
[TimeControl "180+1"]
[EndTime "8:15:30 PST"]
[Termination "Susal_De_Silva won by checkmate"]

1. Nf3 d5 2. e3 Nc6 3. c4 Nf6 4. cxd5 Nxd5 5. d4 g6 6. Bc4 Bg7 7. Nc3 Nxc3 8. bxc3 O-O 9. O-O e5 10. a4 exd4 11. cxd4 Re8 12. a5 a6 13. Qb3 Qf6 14. e4 Rxe4 15. Bg5 Qf5 16. Bd3 Nxd4 17.
Nxd4 Bxd4 18. Bxe4 Qxg5 19. Rad1 c5 20. Bd5 Qf6 21. Rd3 Rb8 22. Rf3 Bf5 23. g4 Qg5 24. h3 h5 25. Bxf7+ Kg7 26. Rg3 hxg4 27. hxg4 Be4 28. Qe6 Rh8 29. Qxe4 Kxf7 30. Rf3+ Kg7 31. Qxb7+ Kg8 32. Qf7# 1-0

[Event "Early-Titled-Tuesday-Blitz-February-06-2024"]
[Site "Chess.com"]
[Date "2024.02.06"]
[Round "2"]
[White "AccioChess"]
[Black "larsmandreassen"]
[Result "1-0"]
[WhiteElo "2454"]
[BlackElo "2183"]
[TimeControl "180+1"]
[EndTime "8:15:31 PST"]
[Termination "AccioChess won by resignation"]

1. Nf3 d5 2. g3 e6 3. Bg2 Be7 4.
O-O Nf6 5. d3 O-O 6. Nbd2 b5 7. e4 Bb7 8. e5 Ne8 9. d4 c5 10. c3 cxd4 11. cxd4 Nc6 12. Nb3 Qb6 13. Be3 a5 14. Rc1 b4 15. Re1 Ba6 16. Nc5 Bb5 17. Nd7 Qa6 18. Nxf8 Bxf8 19. Bf1 Nc7 20. h4 Bxf1 21. Rxf1 Nb5 22. Kg2 h6 23. Qd3 Qb6 24. Rc2 a4 25. Rfc1 Nba7 26. b3 axb3 27. axb3 Na5 28. g4 Nb5 29. g5 Na3 30. Ra2 Nb5 31.
gxh6 gxh6 32. Kh3 Nc3 33. Rg1+ Kh8 34. Raa1 Ra7 35. Rg3 Nxb3 36. Rag1 Ne4 37. Rg8+ Kh7 38. Rxf8 Ra2 39. Rfg8 1-0